AoeStats
← bombeater3

African Clearing

510636659Analyzed
2v2 RM · 1d ago on Oct 1, 2026· 58m 16s· 4 players
Game mode
Random Map
Map size
Medium (4 player)
Population
200
Speed
Normal
Resources
Standard
Victory
Conquest
Starting age
Dark Age
Ending age
Imperial Age
RankedLock teamsTeams togetherTeam positionsShared explorationLock speedFull tech treeHidden civsTurbo modeCheats
Victory
Defeat
🇦🇷 Vietnamese · Argentina
1045
+15
🇭🇰 Mongols · Hong Kong SAR China
1018
+15
🇺🇸 Romans · United States
1042
-16
🇬🇧 Danes · United Kingdom
995
-14
bombeater3
10:44 Loom
13:11 Feudal Age
18:38 Castle Age
19:06 Double-Bit Axe
21:22 Bow Saw
23:16 Man-at-Arms
24:07 Pikeman
24:09 Long Swordsman
30:11 Squires
30:16 Scale Mail Armor
33:21 Horse Collar
34:36 Forging
41:04 Fletching
41:33 Chain Mail Armor
50:55 Imperial Age
50:16 Bodkin Arrow
57:02 Ballistas
Gogs987
4:11 Loom
12:59 Feudal Age
13:31 Double-Bit Axe
13:59 Man-at-Arms
15:08 Arson
17:05 Scale Mail Armor
17:16 Forging
18:55 Wheelbarrow
21:45 Castle Age
19:49 Horse Collar
21:34 Fletching
22:46 Hand Cart
26:37 Squires
31:08 Bow Saw
31:46 Heavy Plow
34:12 Bodkin Arrow
36:41 Town Watch
37:37 Stone Mining
39:00 Long Swordsman
39:35 Elite Skirmisher
41:35 Iron Casting
43:32 Chain Mail Armor
46:16 Hand Cart
48:43 Stone Shaft Mining
48:01 Gold Mining
49:29 Gold Shaft Mining
48:50 Gambesons
56:42 Pikeman
vincentballack
10:32 Loom
13:13 Feudal Age
13:37 Horse Collar
13:45 Double-Bit Axe
15:38 Wheelbarrow
21:23 Castle Age
22:34 Bow Saw
22:47 Gold Mining
24:20 Scale Barding Armor
31:48 Wheelbarrow
31:17 Husbandry
31:39 Fletching
41:35 Imperial Age
39:40 Light Cavalry
42:52 Bodkin Arrow
44:31 Conscription
44:52 Ballistics
49:07 Chemistry
49:20 Parthian Tactics
48:26 Elite Steppe Lancer
52:25 Siege Engineers
52:23 Bracer
53:28 Heavy Scorpion
55:14 Drill
55:38 Chain Barding Armor
56:49 Forging
58:07 Iron Casting
Gederico
6:04 Loom
14:07 Feudal Age
16:12 Double-Bit Axe
16:20 Gold Mining
19:37 Castle Age
18:39 Scale Mail Armor
18:31 Arson
21:02 Chain Mail Armor
24:46 Squires
29:56 Town Watch
34:13 Forging
36:13 Wheelbarrow
38:23 Iron Casting
38:02 Bow Saw
38:16 Hand Cart
39:22 Pikeman
44:03 Imperial Age
41:48 Horse Collar
43:13 Scale Barding Armor
43:19 Heavy Plow
42:57 Light Cavalry
43:47 Bloodlines
43:38 Husbandry
45:00 Chain Barding Armor
44:45 Stone Mining
48:01 Two-Man Saw
48:23 Plate Mail Armor
47:32 Elite Fire Lancer
Connection lost

Rejoining the realm…

Still unreachable

The connection could not be restored.

Session expired

The server has moved on; the page needs a fresh start.